 Dungeon Crawl Stone Soup version 0.31-a0-1499-ge0622b2318 (webtiles) character file.

Game seed: 13037827883500193329

117 venger the Chopper (level 5, -2/46 HPs)
             Began as a Hill Orc Fighter on Dec 29, 2023.
             Slain by an ogre
             ... wielding a +0 giant spiked club
              (11 damage)
             ... on level 4 of the Dungeon.
             The game lasted 00:20:44 (2052 turns).

venger the Chopper (Hill Orc Fighter)               Turns: 2052, Time: 00:20:45

Health: -2/46      AC:  9    Str: 21    XL:     5   Next: 1%
Magic:  5/5        EV:  9    Int:  8    God:
Gold:   140        SH:  4    Dex: 10    Spells: 4/4 levels left

rFire   . . .        a - +0 war axe
rCold   . . .        c - +0 buckler
rNeg    . . .        b - +0 scale mail
rPois   .            e - +0 helmet
rElec   .            (no cloak)
rCorr   .            k - +0 pair of gloves
SInv    .            (no boots)
Will    .....        (no amulet) Stlth
                     (no ring)
HPRegen 0.27/turn    (no ring)
MPRegen 0.09/turn

%: no passive effects
@: no status effects
A: no striking features
a: no special abilities


You were on level 4 of the Dungeon.
You visited 1 branch of the dungeon, and saw 4 of its levels.

You collected 140 gold pieces.

Inventory:

Hand Weapons
 a - a +0 war axe (weapon)
Armour
 b - a +0 scale mail (worn)
 c - a +0 buckler (worn)
 e - a +0 helmet (worn)
 j - an orb of light
 k - a +0 pair of gloves (worn)
Scrolls
 g - a scroll of revelation {unknown}
 h - 2 scrolls of teleportation
 i - a scroll of vulnerability {unknown}
Potions
 d - a potion of might
 f - a potion of mutation {unknown}


   Skills:
 - Level 3.8 Fighting
 + Level 5.9 Axes
 - Level 3.6 Armour
 + Level 0.1 Stealth
 - Level 3.6 Shields


You had 4 spell levels left.
You didn't know any spells.
Your spell library contained the following spells:

 Spells                   Type           Power      Damage    Failure   Level
 Slow                     Hex            0%         N/A       82%         1
 Mercury Vapours          Alch/Air       0%         N/A       91%         2
 Confusing Touch          Hex            0%         N/A       99%         3
 Mephitic Cloud           Conj/Alch/Air  0%         N/A       99%         3
 Sigil of Binding         Hex            0%         N/A       99%         3
 Vampiric Draining        Necr           0%         2d6       99%         3
 Freezing Cloud           Conj/Ice/Air   0%         6-21      100%        5


Dungeon Overview and Level Annotations

Branches:
Dungeon (4/15)
 Temple: D:4-7

Altars:

Shops:
D:3 (


Message History

You see here a +0 helmet.
A ball python comes into view.
The ball python hisses angrily.
You slash the ball python!
You kill the ball python!
Auto Killed stopped - No target in view!
No target in view!
Auto Killed stopped - No target in view!
No target in view!
There is an escape hatch in the floor here.
You see here a +0 helmet.
Okay, then.
Unknown command.
There is an entrance to Vadiex's Antique Weapon Emporium here.
There is an entrance to Vadiex's Antique Weapon Emporium here.
There is a stone staircase leading up here.
There is a stone staircase leading down here.
You climb downwards.
The ogre shouts!
There is a stone staircase leading up here.
You slash the ogre!
The ogre is moderately wounded.
The ogre hits you with a +0 giant spiked club!
You slash the ogre!
The ogre is severely wounded.
The ogre hits you with a +0 giant spiked club!
You barely miss the ogre.
The ogre is severely wounded.
You hit the ogre but do no damage.
The ogre is severely wounded.
The ogre hits you with a +0 giant spiked club!!
* * * LOW HITPOINT WARNING * * *
You hit the ogre but do no damage.
The ogre is severely wounded.
The ogre barely misses you.
You hit the ogre.
The ogre is almost dead.
The ogre hits you with a +0 giant spiked club!
You die...

### #.. #.# #
#.# #
.##.####.##.#
............#
#.....@O..#
#####.#.#.#
#<###..
#...## #.#
#.## ..# # .#
#


You could see an ogre.

Vanquished Creatures
  A bombardier beetle (D:3)
  2 adders (D:2)
  A dart slug (D:3)
  5 endoplasms
  3 giant cockroaches
  6 hobgoblins
  6 jackals
  7 quokkas
  8 ball pythons
  3 bats
  A frilled lizard (D:2)
  3 goblins
  7 kobolds
  2 rats
55 creatures vanquished.

Notes
Turn   | Place    | Note
-------+----------+-------------------------------------------
     0 | D:1      | venger the Hill Orc Fighter began the quest for the Orb.
     0 | D:1      | Reached XP level 1. HP: 19/19 MP: 1/1
   110 | D:1      | Reached XP level 2. HP: 27/27 MP: 2/2
   166 | D:1      | Reached skill level 3 in Axes
   242 | D:1      | Reached XP level 3. HP: 32/33 MP: 3/3
   698 | D:2      | Reached skill level 4 in Axes
   788 | D:2      | Reached XP level 4. HP: 40/40 MP: 4/4
  1197 | D:3      | Found Vadiex's Antique Weapon Emporium.
  1275 | D:3      | Reached skill level 5 in Axes
  1665 | D:3      | Reached XP level 5. HP: 37/46 MP: 5/5
  2044 | D:4      | Noticed an ogre
  2052 | D:4      | Slain by an ogre

Illustrated notes

Levels and vault maps discovered:
D:1:      dpeg_arrival_rooms_c, layout_loops_cross, reono_crystal_passage
D:2:      mumra_celtic_spiral_tile, layout_basic, hangedman_decor_diamond_cutter
D:3:      layout_loops_ring, serial_shops, shop
D:4:      layout_loops_ring, nicolae_overflow_two_pavilions, minmay_cut_off

Skill      XL: |  1  2  3  4 |
---------------+-------------+-----
Axes           | 3 4 5 |  5.9
Fighting       | |  3.8
Armour         | |  3.6
Stealth        | |  0.1
Shields        | |  3.6

Action                     |  1- 3 |  4- 6 || total
---------------------------+-------+-------++-------
  Melee: War axe           |    98 |    66 ||   164
    Use: Scroll            |     2 |       ||     2
 Armour: Scale mail        |    64 |    42 ||   106
  Dodge: Dodged            |    51 |    35 ||    86
  Block: Buckler           |    22 |    14 ||    36

Table legend: (Time is in decaauts)
 A = Elapsed time spent in this place.
 B = Non-inter-level travel time spent in this place.
 C = Inter-level travel time spent in this place.
 D = Time resting spent in this place.
 E = Time spent auto-exploring this place.
 F = Levels seen in this place.
 G = Mean time per level.
                   A        B        C        D        E       F      G
               +--------+--------+--------+--------+--------+-----+--------+
         Total |   2105 |   1560 |    545 |      0 |   1113 |   4 |  526.2 |
       Dungeon |   2105 |   1560 |    545 |      0 |   1113 |   4 |  526.2 |
               +--------+--------+--------+--------+--------+-----+--------+

Top non-repeatable levels by time:
     D:3: 862 daAuts
     D:1: 666 daAuts
     D:2: 567 daAuts
     D:4: 9 daAuts
